 Dungeon Crawl Stone Soup version 0.31.0-1-g2c135a008e (webtiles) character file.

Game seed: 17570842474847628431

1512 qw the Skirmisher (level 9, -1/70 HPs)
             Began as a Djinni Hunter on Jan 23, 2024.
             Slain by an ogre
             ... wielding a +0 giant club
              (19 damage)
             ... on level 6 of the Dungeon.
             The game lasted 00:00:20 (4403 turns).

qw the Skirmisher (Djinni Hunter)                   Turns: 4403, Time: 00:00:20

Health: -1/70      AC:  8    Str: 10    XL:     9   Next: 9%
Gold:   275        EV: 13    Int: 12    God:
                   SH:  5    Dex: 25

rFire   + + +        a - +0 shortbow
rCold   x . .        (shield currently unavailable)
rNeg    . . .        b - +0 ring mail "Jywnod" {rF+ Dex+3}
rPois   inf          (no helmet)
rElec   .            (no cloak)
rCorr   .            j - +2 pair of gloves
SInv    .            (boots unavailable)
Will    ++...        f - amulet of reflection
Stlth   +++          i - ring of willpower
HPRegen 0.31/turn    (no ring)
MPRegen 0.00/turn

%: reflection, infuse magic (-2 HP)
@: flying
A: sickness immunity, fire resistance 2, cold vulnerability 1, float, innate
caster, HP casting, extra vitality 1, thin skeletal structure 1, strong-willed
1, robust 1
a: no special abilities


You were on level 6 of the Dungeon.
You visited 1 branch of the dungeon, and saw 6 of its levels.

You collected 275 gold pieces.


Innate Abilities, Weirdness & Mutations

You are immune to sickness and miasma.
You are immune to poison.
Your flesh is very heat resistant. (rF++)
You are vulnerable to cold. (rC-)
You float through the air rather than walking.
You learn spells naturally, not from books.
Your magical power is your life essence.
You have superior vitality. (+4 MHP)
You have a somewhat thin skeletal structure. (Dex +2, Stealth+)
You are strong-willed. (Will+)
You are robust. (+10% HP)


   Skills:
 + Level 4.9 Fighting
 - Level 8.0 Ranged Weapons
 - Level 2.5 Armour
 - Level 4.0 Dodging
 - Level 0.7 Stealth


You knew the following spells:

 Your Spells              Type           Power      Damage    Failure   Level
a - Slow                  Hex            0%         N/A       63%         1
b - Static Discharge      Conj/Air       0%         3-3/arc   77%         2
c - Sigil of Binding      Hex            0%         N/A       94%         3
d - Passage of Golubria   Tloc           0%         N/A       100%        4
Your spell library was empty.

Inventory:

Hand Weapons
 a - a +0 shortbow (weapon)
Armour
 b - the +0 ring mail "Jywnod" (worn) {rF+ Dex+3}
   (You found it on level 2 of the Dungeon)

   Dex+3:     It affects your dexterity (+3).
   rF+:       It protects you from fire.
 j - a +2 pair of gloves (worn)
Jewellery
 f - an amulet of reflection (around neck)
 i - a ring of willpower (left hand)
Wands
 h - a wand of flame (8)
Potions
 d - a potion of curing
 m - a potion of might

Dungeon Overview and Level Annotations

Branches:
Dungeon (6/15)
 Temple: D:4-7

Altars:
Uskayaw

Shops:
D:5 :

Annotations:
D:3 2 transporters


Message History

Pikel is almost dead.
Pikel hits you with a +1 whip of flaming.
4395 ||| READING scroll of teleportation.
As you read the scroll of teleportation, it crumbles to dust.
You feel strangely unstable. Pikel barely misses you.
You shoot an arrow. The arrow hits Pikel.
Pikel is almost dead.
Pikel hits you but does no damage.
You shoot an arrow. The arrow hits Pikel.
You kill Pikel!
With Pikel's spell broken, his former minions thank you for their freedom.
The lemure departs this earthly plane. x4
Your Ranged Weapons skill gained 2 levels and is now at level 8!
You have reached level 9!
Your experience leads to an increase in your attributes!
Your base attributes are Str 10, Int 12, Dex 18.
Increase (S)trength, (I)ntelligence, or (D)exterity?
You feel agile. x2
The power to cast Passage of Golubria wells up from within.
Spell assigned to 'd'.
You start resting.
Your surroundings suddenly seem different.
An ogre comes into view. It is wielding a +0 giant club.
Found a +0 mace, a scroll of identify and a smoky purple potion.
The ogre shouts!
You shoot an arrow. The arrow hits the ogre!
The ogre is heavily wounded.
You shoot an arrow. The arrow hits the ogre.
The ogre is heavily wounded.
You shoot an arrow.
The arrow hits the ogre but does no damage.
The ogre is heavily wounded.
You block the ogre's attack.
You shoot an arrow. The arrow hits the ogre.
The ogre is heavily wounded.
You shoot an arrow. The arrow hits the ogre.
The ogre is severely wounded.
The ogre hits you with a +0 giant club!!
You die...

#.........##
#..........
#.........
#........
#......
####....
#......#
#....O@#
#......#
#.......
#........
#!?....##.
#......# ##
#......#
#......#


You could see an ogre.

Vanquished Creatures
  Pikel (D:6)
  Prince Ribbit (D:5)
  Sigmund (D:4)
  A steam dragon (D:5)
  2 water moccasins (D:5)
  A scorpion (D:5)
  A jelly (D:5)
  3 iguanas
  8 adders
  2 shadow imps (D:5)
  A dart slug (D:2)
  A ribbon worm (D:3)
  9 orcs (D:4)
  5 ball pythons
  7 endoplasms
  6 giant cockroaches
  10 goblins
  5 hobgoblins
  7 jackals
  6 kobolds
  4 quokkas
  2 bats
  5 frilled lizards
  9 rats
98 creatures vanquished.

Notes
Turn   | Place    | Note
-------+----------+-------------------------------------------
     0 | D:1      | qw the Djinni Hunter began the quest for the Orb.
     0 | D:1      | Reached XP level 1. HP: 18/18 MP: 0/0
     0 | D:1      | 0 ||| qw: Version: 0.3-a-135-gb77e89d
     0 | D:1      | 0 ||| qw: Game counter: 805
     0 | D:1      | 0 ||| qw: Melee chars always use a shield: true
     0 | D:1      | 0 ||| qw: God list: Okawaru
     0 | D:1      | 0 ||| qw: Allow faded altars: false
     0 | D:1      | 0 ||| qw: Do Orc after clearing Dungeon:15 true
     0 | D:1      | 0 ||| qw: Do second Lair branch before Depths: true
     0 | D:1      | 0 ||| qw: Lair rune preference: random
     0 | D:1      | 0 ||| qw: Goals: Normal
     0 | D:1      | 0 ||| PLANNING D:1-11
   140 | D:1      | 140 ||| RETREEEEATING.
   144 | D:1      | Reached XP level 2. HP: 21/23 MP: 0/0
   467 | D:1      | Reached XP level 3. HP: 23/28 MP: 0/0
   467 | D:1      | Learned a level 1 spell: Slow
   468 | D:1      | Reached skill level 4 in Ranged Weapons
   549 | D:1      | Found a faded altar of an unknown god.
   812 | D:1      | 812 ||| UPGRADING to ring of willpower.
   813 | D:1      | 813 ||| READING scroll labelled MESTADEERY.
   814 | D:1      | 814 ||| READING scroll labelled ETOETT UG MAA.
   915 | D:1      | 915 ||| READING scroll labelled CUSIOJ XIPULIG.
   915 | D:1      | 915 ||| IDENTIFYING viscous yellow potion
   916 | D:1      | 916 ||| DROPPING scroll of butterflies.
   953 | D:2      | Identified the +0 ring mail "Jywnod" {rF+ Dex+3}
  1015 | D:2      | Reached XP level 4. HP: 34/34 MP: 0/0
  1111 | D:2      | Reached skill level 3 in Fighting
  1477 | D:2      | Reached skill level 3 in Dodging
  1597 | D:2      | 1597 ||| UPGRADING to +0 ring mail "Jywnod" {rF+ Dex+3}.
  1607 | D:2      | 1607 ||| DROPPING +0 leather armour.
  1608 | D:2      | 1608 ||| READING scroll of identify.
  1608 | D:2      | 1608 ||| IDENTIFYING glowing cyan potion
  1609 | D:2      | 1609 ||| READING 2 scrolls labelled WYSSIGEUFF.
  1614 | D:2      | 1614 ||| READING scroll labelled FUWNOT CU ELA.
  1615 | D:2      | 1615 ||| DRINKING 2 green potions.
  1616 | D:2      | 1616 ||| DROPPING potion of attraction.
  1617 | D:2      | 1617 ||| DROPPING potion of brilliance.
  1679 | D:3      | Reached skill level 1 in Armour
  1814 | D:3      | Found a transporter.
  1845 | D:3      | Found a transporter.
  2064 | D:3      | Reached XP level 5. HP: 40/40 MP: 0/0
  2064 | D:3      | Learned a level 2 spell: Static Discharge
  2199 | D:3      | Noticed a +0 short sword
  2199 | D:3      | Noticed a +0 spear
  2200 | D:3      | Noticed a +0 short sword
  2200 | D:3      | Noticed a +0 dagger
  2200 | D:3      | Noticed a +0 falchion
  2200 | D:3      | Noticed a +0 falchion
  2200 | D:3      | Noticed a +0 spear
  2200 | D:3      | Noticed a +0 dagger
  2206 | D:3      | Found a hide-covered altar of Uskayaw.
  2352 | D:3      | 2352 ||| DROPPING ring of wizardry.
  2353 | D:3      | 2353 ||| READING scroll of identify.
  2353 | D:3      | 2353 ||| IDENTIFYING bubbling silvery potion
  2354 | D:3      | 2354 ||| DROPPING potion of berserk rage.
  2381 | D:4      | 2381 ||| PLANNING OSSUARY
  2676 | D:4      | HP: 9/40 [orc/+0 mace (6)]
  2677 | D:4      | 2677 ||| READING scroll of teleportation.
  3052 | D:4      | 3052 ||| RIP OSSUARY
  3063 | D:4      | 3063 ||| PLANNING D:1-11
  3165 | D:4      | Noticed Sigmund
  3172 | D:4      | Killed Sigmund
  3173 | D:4      | Reached skill level 5 in Ranged Weapons
  3173 | D:4      | Reached XP level 6. HP: 35/46 MP: 0/0
  3384 | D:4      | 3384 ||| UPGRADING to +0 pair of gloves.
  3389 | D:4      | 3389 ||| UPGRADING to amulet of reflection.
  3394 | D:4      | 3394 ||| READING scroll labelled XIBIOTAMUO.
  3394 | D:4      | 3394 ||| ENCHANTING +0 pair of gloves.
  3401 | D:5      | Entered Level 5 of the Dungeon
  3432 | D:5      | Identified the +0 leather armour of Usavioff {rF+ Dex+3
                  | Stlth+}
  3470 | D:5      | Noticed Prince Ribbit
  3471 | D:5      | 3471 ||| ZAPPING wand of flame (16) at 5,-5 (Prince Ribbit;
                  | floor).
  3472 | D:5      | 3472 ||| ZAPPING wand of flame (15) at 4,-4 (Prince Ribbit;
                  | floor).
  3473 | D:5      | 3473 ||| ZAPPING wand of flame (14) at -2,-2 (Prince
                  | Ribbit; floor).
  3474 | D:5      | 3474 ||| ZAPPING wand of flame (13) at -1,-1 (Prince
                  | Ribbit; floor).
  3475 | D:5      | 3475 ||| ZAPPING wand of flame (12) at -1,-1 (Prince
                  | Ribbit; floor).
  3476 | D:5      | 3476 ||| ZAPPING wand of flame (11) at -1,-1 (Prince
                  | Ribbit; floor).
  3477 | D:5      | 3477 ||| ZAPPING wand of flame (10) at -1,-1 (Prince
                  | Ribbit; floor).
  3478 | D:5      | 3478 ||| ZAPPING wand of flame (9) at -2,-3 (Prince Ribbit;
                  | floor).
  3480 | D:5      | Killed Prince Ribbit
  3481 | D:5      | Reached XP level 7. HP: 21/53 MP: 0/0
  3481 | D:5      | Learned a level 3 spell: Sigil of Binding
  3617 | D:5      | 3617 ||| READING scroll of enchant armour.
  3617 | D:5      | 3617 ||| ENCHANTING +1 pair of gloves.
  3721 | D:5      | Found Naaceut's Vocational Training.
  3968 | D:5      | Reached skill level 6 in Ranged Weapons
  3999 | D:5      | Noticed a water moccasin
  4013 | D:5      | Killed a water moccasin
  4014 | D:5      | Reached XP level 8. HP: 46/58 MP: 0/0
  4231 | D:5      | 4231 ||| DROPPING +0 leather armour of Usavioff {rF+ Dex+3
                  | Stlth+}.
  4232 | D:5      | 4232 ||| READING 3 scrolls of identify.
  4232 | D:5      | 4232 ||| IDENTIFYING smoky brown potion
  4233 | D:5      | 4233 ||| READING 2 scrolls of identify.
  4233 | D:5      | 4233 ||| IDENTIFYING blue potion
  4234 | D:5      | 4234 ||| DRINKING potion of mutation.
  4234 | D:5      | Gained mutation: You are strong-willed. (Will+) [potion of
                  | mutation]
  4234 | D:5      | Gained mutation: You are robust. (+10% HP) [potion of
                  | mutation]
  4234 | D:5      | Gained mutation: You have a somewhat thin skeletal
                  | structure. (Dex +2, Stealth+) [potion of mutation]
  4248 | D:5      | 4248 ||| READING scroll of identify.
  4248 | D:5      | 4248 ||| IDENTIFYING red potion
  4249 | D:5      | 4249 ||| READING scroll labelled FYSI FERUPN.
  4250 | D:5      | 4250 ||| READING scroll labelled YKHLIPLUAGA.
  4251 | D:5      | 4251 ||| DROPPING potion of magic.
  4273 | D:6      | 4273 ||| STAIRDANCE
  4310 | D:6      | 4310 ||| STAIRDANCE
  4369 | D:6      | Noticed Pikel
  4370 | D:6      | 4370 ||| RETREEEEATING.
  4394 | D:6      | HP: 13/63 [Pikel/+1 whip of flaming (4)]
  4395 | D:6      | 4395 ||| READING scroll of teleportation.
  4397 | D:6      | Killed Pikel
  4398 | D:6      | Reached skill level 8 in Ranged Weapons
  4398 | D:6      | Reached XP level 9. HP: 16/70 MP: 0/0
  4398 | D:6      | Learned a level 4 spell: Passage of Golubria
  4403 | D:6      | Slain by an ogre

Levels and vault maps discovered:
D:1:      roderic_dead_forest, layout_basic,
          dreamdust_ecumenical_altar_angels_and_demons
D:2:      layout_loops_ring, minmay_hedge_maze, kennysheep_generic_room_4
D:3:      gammafunk_steamed_eel, layout_loops_ring, nicolae_uskayaw_en_pointe
D:4:      layout_basic, chequers_ossuary_entry_cave, hangedman_decor_slide_cut,
          kennysheep_generic_room_12, uniq_crazy_yiuf_cottage, uniq_sigmund
D:5:      layout_rooms, grunt_ministairs_11, nicolae_shop_vocational,
          uniq_prince_ribbit1
D:6:      layout_rooms, minmay_temple_entry_glassed_door, uniq_pikel

Skill      XL: |  1  2  3  4  5  6  7  8 |
---------------+-------------------------+-----
Ranged Weapons | 4 5 6 8 |  8.0
Fighting       | 3 4 |  4.9
Dodging        | 3 4 |  4.0
Armour         | 1 2 |  2.5
Stealth        | |  0.7

Action                     |  1- 3 |  4- 6 |  7- 9 || total
---------------------------+-------+-------+-------++-------
   Fire: Shortbow          |    84 |   166 |   120 ||   370
  Evoke: Wand              |       |     8 |       ||     8
    Use: Scroll            |     3 |     6 |     7 ||    16
         Potion            |       |     1 |     1 ||     2
 Armour: Leather armour    |    24 |    12 |       ||    36
         Ring mail         |       |    43 |    67 ||   110
  Dodge: Dodged            |    26 |    51 |    59 ||   136
  Block: Other             |       |     4 |    20 ||    24

Table legend:
 A = Non-vault XP
 B = Vault XP
 C = Vault XP percentage of total XP
 D = Non-vault monster count
 E = Vault monster count
 F = Vault count percentage of total count
                 A         B        C        D         E       F
            +---------+---------+-------+---------+---------+-------
      Total |     759 |    1402 |  64.9 |      92 |       6 |   6.1
            +---------+---------+-------+---------+---------+-------
        D:1 |      39 |       0 |   0.0 |      25 |       0 |   0.0
        D:2 |      71 |       2 |   2.7 |      22 |       1 |   4.3
        D:3 |      35 |       0 |   0.0 |      12 |       0 |   0.0
        D:4 |      99 |     226 |  69.5 |      23 |       1 |   4.2
        D:5 |     515 |     501 |  49.3 |      10 |       3 |  23.1
        D:6 |       0 |     673 | 100.0 |       0 |       1 | 100.0
            +---------+---------+-------+---------+---------+-------
